 Dungeon Crawl Stone Soup version 0.31-a0-182-gc5ef74bbde (webtiles) character file.

Game seed: 16853937269563931478

20 qw the Shooter (level 2, 0/26 HPs)
             Began as a Naga Hunter on June 20, 2023.
             Killed by nerve-wracking pain
             ... invoked by an orc priest
              (9 damage)
             ... on level 1 of the Dungeon.
             The game lasted 00:00:15 (645 turns).

qw the Shooter (Naga Hunter)                         Turns: 645, Time: 00:00:15

Health: 0/26       AC:  2    Str: 13    XL:     2   Next: 79%
Magic:  2/2        EV:  9    Int:  9    God:
Gold:   9          SH:  0    Dex: 14    Spells: 1/1 levels left

rFire   . . .        Y - +0 shortbow
rCold   . . .        (shield currently unavailable)
rNeg    . . .        c - +0 leather armour
rPois   +            (no helmet)
rElec   .            (no cloak)
rCorr   .            (no gloves)
SInv    +            (no barding)
Will    .....        f - amulet of the acrobat
Stlth   ++           (no ring)
HPRegen 0.24/turn    (no ring)
MPRegen 0.08/turn

%: acrobat
@: short of breath, very slow
A: AC +0, large, see invisible, deformed body, poison resistance, slowness 2,
spit poison 1, naga tail 1
a: Spit Poison


You were on level 1 of the Dungeon.
You visited 1 branch of the dungeon, and saw 2 of its levels.

You collected 9 gold pieces.


Innate Abilities, Weirdness & Mutations

Your serpentine skin is tough. (AC +0)
You have supernaturally acute eyesight. (SInv)
Armour fits poorly on your strangely shaped body.
Your system is resistant to poisons. (rPois)
You cover ground very slowly.
You can spit poison.
You have a snake-like lower body.


   Skills:
 - Level 2.0 Fighting
 + Level 4.3 Ranged Weapons
 - Level 1.5 Dodging
 - Level 1.5 Stealth


You had one spell level left.
You didn't know any spells.
Your spell library was empty.

Inventory:

Hand Weapons
 Y - a +0 shortbow (weapon)
Armour
 c - a +0 leather armour (worn)
Jewellery
 f - an amulet of the acrobat (around neck)
Scrolls
 a - a scroll of identify
Potions
 e - 2 potions of curing

Dungeon Overview and Level Annotations

Branches:
Dungeon (2/15)

Altars:


Message History

Where to? (* - list waypoints, ? - help)
What level of the Dungeon? (default 1, ? - help)
Things that are here:
a +0 short sword; a kobold skeleton You feel your willpower return.
There is a stone staircase leading down here.
You climb downwards.
The orc priest shouts! x2
The endoplasm quivers.
You hear a shout!
Found a silvery potion.
Found a stone staircase leading up.
There is a stone staircase leading up here.
There are monsters nearby!
Waypoint 1 assigned to D:2.
641 ||| INVOKING Spit Poison.
Aiming: Spit Poison (2% risk of failure)
Press: ? - help, Shift-Dir - straight line, f - orc priest You fail to use your ability.
The orc priest hits you with a +0 short sword.
642 ||| STAIRDANCE The orc priest calls down the wrath of Beogh upon you.
Pain shoots through your body! The orc priest hits you with a +0 club.
You climb upwards.
There is a stone staircase leading down here.
Enter note:
Enter note:
Enter note:
644 ||| INVOKING Spit Poison.
Aiming: Spit Poison (2% risk of failure)
Press: ? - help, Shift-Dir - straight line, f - orc priest The splash of poison hits the orc priest.
The orc priest is poisoned.
The orc priest is moderately wounded.
The orc priest hits you with a +0 club.
The orc priest hits you but does no damage.
You shoot an arrow. The arrow hits the orc priest!
The orc priest is severely wounded.
The orc priest hits you with a +0 club.
The orc priest invokes the aid of Beogh against you.
Pain shoots through your body!
You die...

#.#.......# #...##.......#
#.##......# ########...##.......#
#......#..# #...................#
#####..#..###.###################
#..#......##.# #............#
#.###.....##.# #.........##o#
##### ####.......o@# #....
#.......### #.### #.......# #.#
#.##'##.# #########.# #.##)##.#
#.%.......# #.##.##.# #.#########
#.##.##.# #.# #.##)##.# #.#
#.##.##.# #.#


You could see 2 orc priests.

Vanquished Creatures
  A dart slug (D:1)
  2 endoplasms (D:1)
  A giant cockroach (D:1)
  2 goblins (D:1)
  2 ball pythons (D:1)
  3 bats (D:1)
  A frilled lizard (D:1)
  4 kobolds (D:1)
  2 rats (D:1)
18 creatures vanquished.

Notes
Turn   | Place    | Note
-------+----------+-------------------------------------------
     0 | D:1      | qw the Naga Hunter began the quest for the Orb.
     0 | D:1      | Reached XP level 1. HP: 19/19 MP: 1/1
     0 | D:1      | 0 ||| qw: Version: 0.3-a-9-g12657ce
     0 | D:1      | 0 ||| qw: Game counter: 1260
     0 | D:1      | 0 ||| qw: Always use a shield: true
     0 | D:1      | 0 ||| qw: God list: Okawaru
     0 | D:1      | 0 ||| qw: Allow faded altars: false
     0 | D:1      | 0 ||| qw: Do Orc after D:15 true
     0 | D:1      | 0 ||| qw: Do second Lair branch before Depths: true
     0 | D:1      | 0 ||| qw: Lair rune preference: random
     0 | D:1      | 0 ||| qw: Plans: Normal
     0 | D:1      | 0 ||| PLANNING D:1-11
    50 | D:1      | 50 ||| FLEEEEING.
    51 | D:1      | 51 ||| FLEEEEING.
    52 | D:1      | 52 ||| FLEEEEING.
    53 | D:1      | 53 ||| FLEEEEING.
    54 | D:1      | 54 ||| FLEEEEING.
    62 | D:1      | 62 ||| INVOKING Spit Poison.
   101 | D:1      | 101 ||| INVOKING Spit Poison.
   127 | D:1      | 127 ||| INVOKING Spit Poison.
   130 | D:1      | 130 ||| INVOKING Spit Poison.
   131 | D:1      | Reached skill level 4 in Ranged Weapons
   131 | D:1      | Reached XP level 2. HP: 26/26 MP: 2/2
   179 | D:1      | 179 ||| INVOKING Spit Poison.
   211 | D:1      | 211 ||| INVOKING Spit Poison.
   270 | D:1      | 270 ||| INVOKING Spit Poison.
   302 | D:1      | 302 ||| INVOKING Spit Poison.
   372 | D:1      | 372 ||| INVOKING Spit Poison.
   398 | D:1      | 398 ||| INVOKING Spit Poison.
   439 | D:1      | 439 ||| INVOKING Spit Poison.
   528 | D:1      | 528 ||| INVOKING Spit Poison.
   599 | D:1      | 599 ||| UPGRADING to amulet of the acrobat.
   604 | D:1      | 604 ||| DROPPING ring of flight.
   605 | D:1      | 605 ||| READING 3 scrolls labelled GICUAME KOUNT.
   606 | D:1      | 606 ||| READING scroll labelled TEOSEI TILISOA.
   607 | D:1      | 607 ||| DRINKING 3 black potions.
   608 | D:1      | 608 ||| READING 2 scrolls of identify.
   608 | D:1      | 608 ||| IDENTIFYING fuming silvery potion
   609 | D:1      | 609 ||| DROPPING scroll of butterflies.
   610 | D:1      | 610 ||| DROPPING potion of brilliance.
   641 | D:2      | 641 ||| INVOKING Spit Poison.
   642 | D:2      | 642 ||| STAIRDANCE
   644 | D:1      | 644 ||| INVOKING Spit Poison.
   645 | D:1      | Killed from afar by an orc priest

Levels and vault maps discovered:
D:1:      lightli_arrival_quake, layout_basic
D:2:      layout_loops_cross

Skill      XL: |  1 |
---------------+----+-----
Ranged Weapons | 4 |  4.3
Fighting       | |  2.0
Dodging        | |  1.5
Stealth        | |  1.5

Action                     || total
---------------------------++-------
   Fire: Shortbow          ||    19
Ability: Spit Poison       ||    13
    Use: Scroll            ||     3
         Potion            ||     1
 Armour: Leather armour    ||     2
  Dodge: Dodged            ||     2

Table legend:
 A = Non-vault XP
 B = Vault XP
 C = Vault XP percentage of total XP
 D = Non-vault monster count
 E = Vault monster count
 F = Vault count percentage of total count
                 A         B        C        D         E       F
            +---------+---------+-------+---------+---------+-------
      Total |      29 |       0 |   0.0 |      18 |       0 |   0.0
            +---------+---------+-------+---------+---------+-------
        D:1 |      29 |       0 |   0.0 |      18 |       0 |   0.0
            +---------+---------+-------+---------+---------+-------
